 Dungeon Crawl Stone Soup version 0.29-a0-542-g075992c915 (console) character file.

Game seed: 15534692404611641108

28 Banquo the Magician (level 3, -5/27 HPs)
             Began as a Djinni Earth Elementalist on June 3, 2022.
             Slain by Terence
             ... wielding a +2 flail of protection
              (14 damage)
             ... on level 2 of the Dungeon.
             The game lasted 00:06:16 (1434 turns).

Banquo the Magician (Djinni Earth Elementalist)     Turns: 1434, Time: 00:06:16

Health: -5/27      AC:  2    Str:  7    XL:     3   Next: 30%
Gold:   55         EV: 12    Int: 18    God:
                   SH:  0    Dex: 13

rFire   + + .      SeeInvis .   e - +0 short sword
rCold   x . .      Faith    .   (no shield)
rNeg    . . .      Spirit   .   b - +0 robe
rPois   ∞          Reflect  .   (no helmet)
rElec   .          Harm     .   (no cloak)
rCorr   .          Rampage  .   (no gloves)
Will    .....                   (boots unavailable)
Stlth   ++........              (no amulet)
HPRegen 0.09/turn               (no ring)
MPRegen 0.00/turn               (no ring)

@: flying
A: sickness immunity, fire resistance 2, cold vulnerability 1, float, innate
caster, HP casting, extra vitality 1
a: no special abilities


You were on level 2 of the Dungeon.
You visited 1 branch of the dungeon, and saw 2 of its levels.

You collected 55 gold pieces.

Inventory:

Hand Weapons
 c - a +0 hand axe
 e - a +0 short sword (weapon)
Missiles
 a - 31 stones
Armour
 b - a +0 robe (worn)
Scrolls
 d - 2 scrolls of teleportation {unknown}
 f - 2 scrolls of noise {unknown}
 g - a scroll of identify {unknown}
 i - a scroll of fog {unknown}
Potions
 h - a potion of flight {unknown}
 j - 2 potions of invisibility {unknown}


   Skills:
 * Level 1.1 Fighting
 - Level 2.1 Dodging
 - Level 1.5 Stealth
 + Level 3.1 Spellcasting


You couldn't memorise any spells.
You knew the following spells:

 Your Spells              Type           Power      Damage    Failure   Level
a - Sandblast             Erth           28%        2d8       4%          1
b - Passwall              Tmut/Erth      11%        N/A       7%          2
c - Stone Arrow           Conj/Erth      28%        3d8       13%         3
d - Petrify               Tmut/Erth      14%        N/A       41%         4
z - Sting                 Tmut/Pois      56%        1d5       4%          1
Your spell library was empty.

Dungeon Overview and Level Annotations

Branches:
Dungeon (2/15)

Altars:

Shops:
D:1 !

Annotations:
D:2 Terence


Innate Abilities, Weirdness & Mutations

You are immune to sickness and miasma.
You are immune to poison.
Your flesh is very heat resistant. (rF++)
You are vulnerable to cold. (rC-)
You float through the air rather than walking.
You learn spells naturally, not from books.
Your magical power is your life essence.
You have superior vitality. (+4 MHP)


Message History

The sting misses Terence.
Casting: Sting (safe; 4% risk of failure)
Confirm with . or Enter, or press ? or * to list all spells.
Aiming: Sting (safe; 4% risk of failure)
Press: ? - help, Shift-Dir - straight line, f/p - Terence
Aim: Terence, wielding a +2 flail of protection and wearing a +0 scale mail (75% to hit)
The sting hits Terence.
Terence is poisoned.
Terence is lightly wounded.
Terence attacks as you move away! Terence barely misses you.
Terence attacks as you move away!
Terence hits you with a +2 flail of protection.
Terence looks more healthy.
Terence attacks as you move away!
Terence hits you with a +2 flail of protection!
Casting: Sting (safe; 4% risk of failure)
Confirm with . or Enter, or press ? or * to list all spells.
Aiming: Sandblast (safe; 4% risk of failure)
Press: ? - help, Shift-Dir - straight line, f/p - Terence
Aim: Terence, wielding a +2 flail of protection and wearing a +0 scale mail (moderately wounded, 82% to hit)
The blast of sand hits Terence but does no damage.
Terence is moderately wounded.
Terence barely misses you.
Casting: Sandblast (safe; 4% risk of failure)
Confirm with . or Enter, or press ? or * to list all spells.
Aiming: Sandblast (safe; 4% risk of failure)
Press: ? - help, Shift-Dir - straight line, f/p - Terence
Aim: Terence, wielding a +2 flail of protection and wearing a +0 scale mail (moderately wounded, 82% to hit)
The blast of sand hits Terence.
Terence is heavily wounded.
Terence closely misses you.
Casting: Sandblast (safe; 4% risk of failure)
Confirm with . or Enter, or press ? or * to list all spells.
Aiming: Sandblast (safe; 4% risk of failure)
Press: ? - help, Shift-Dir - straight line, f/p - Terence
Aim: Terence, wielding a +2 flail of protection and wearing a +0 scale mail (heavily wounded, 82% to hit)
The blast of sand hits Terence but does no damage.
Terence is heavily wounded.
Terence hits you with a +2 flail of protection!
Ouch! That really hurt!
You die...

.# .......###.#### .#
...... #....# .# .....
####.# . ..... #.# .. #.#
# # #.# ###### . #.#
#....# .#### #@# #..###
....############@# #..#
.<..##....†......# #..#
....##.########### #..#
........# #..# ........#
#..#
........##############..#
............#...........#
........###.#.########.##
........###.#.# #.#


You could see Terence.

Vanquished Creatures
  3 ball pythons
  4 bats (D:1)
  3 giant cockroaches
  A goblin (D:1)
  4 hobgoblins (D:1)
  2 kobolds (D:1)
  A quokka (D:2)
  3 frilled lizards (D:1)
  4 rats
25 creatures vanquished.

Notes
Turn   | Place    | Note
-------+----------+-------------------------------------------
     0 | D:1      | Banquo the Djinni Earth Elementalist began the quest for
                  | the Orb.
     0 | D:1      | Reached XP level 1. HP: 15/15 MP: 0/0
   283 | D:1      | Reached XP level 2. HP: 18/22 MP: 0/0
   734 | D:1      | Reached skill level 3 in Spellcasting
   755 | D:1      | Found Iloon's Distillery.
   803 | D:1      | Reached XP level 3. HP: 25/26 MP: 0/0
   803 | D:1      | Learned a level 1 spell: Sting
   822 | D:1      | Found a faded altar of an unknown god.
  1067 | D:2      | Reached skill level 1 in Fighting
  1100 | D:2      | Noticed Terence
  1434 | D:2      | Slain by Terence

Illustrated notes

Levels and vault maps discovered:
D:1:      ebering_trefoil_3fold, layout_loops_ring,
          chequers_ecumenical_altar_lobes, serial_shops,
          nicolae_shop_behind_doors
D:2:      layout_basic, uniq_terence

Skill      XL: |  1  2  3 |
---------------+----------+-----
Spellcasting   | 3 |  3.1
Fighting       | 1 |  1.1
Dodging        | |  2.1
Stealth        | |  1.5

Action                   || total
-------------------------++-------
Melee: Short sword       ||    12
       Punch             ||     1
 Cast: Sandblast         ||    26
       Sting             ||    11
       Stone Arrow       ||     1
Armor: Robe              ||     4
Dodge: Dodged            ||    14

Table legend: (Time is in decaauts)
 A = Elapsed time spent in this place.
 B = Non-inter-level travel time spent in this place.
 C = Inter-level travel time spent in this place.
 D = Time resting spent in this place.
 E = Time spent auto-exploring this place.
 F = Levels seen in this place.
 G = Mean time per level.
                   A        B        C        D        E       F      G
               +--------+--------+--------+--------+--------+-----+--------+
         Total |   1435 |   1324 |    111 |     42 |   1063 |   2 |  717.5 |
       Dungeon |   1435 |   1324 |    111 |     42 |   1063 |   2 |  717.5 |
               +--------+--------+--------+--------+--------+-----+--------+

Top non-repeatable levels by time:
     D:1: 1144 daAuts
     D:2: 290 daAuts
